[Event "*** Titled Tuesday Blitz"]
[Site "Chess.com"]
[Date "2020.05.26"]
[Round "5"]
[White "LiverpooL174"]
[Black "AnishGiri"]
[Result "1/2-1/2"]
[WhiteElo "2671"]
[BlackElo "2962"]
[TimeControl "180+1"]
[EndTime "11:00:09 PDT"]
[Termination "Game drawn by repetition"]

1. Nf3 c5 2. b3 b6 3. Bb2 Bb7 4. g3 Nf6 5. Bg2 e6 6. O-O Be7 7. c4 O-O 8. d4 cxd4 9. Nxd4 Bxg2 10. Kxg2 a6 11. Nf3 Qc8 12. Nc3 Qb7 13. Qd3 d6 14. e4 Nbd7 15. Rfe1 Rab8 16. Rad1 b5 17. Nd2 Ne5 18.
Qe2 Rfc8 19. f4 Ned7 20. Kh3 h5 21. cxb5 axb5 22. Nf3 Ng4 23. a3 b4 24. axb4 Qxb4 25.
Rd4 Qxb3 26. Nd1 Rc2 27. Rd2 Rbc8 28. Nd4 Rxd2 29. Nxb3 Rxe2 30. Rxe2 Bf6 31. Bxf6 Ngxf6 32. Kg2 Rc4 33. Nf2 Rb4 34. Nd2 g6 35. Nf3 e5 36.
fxe5 dxe5 37. Rd2 Kf8 38. h3 Ke7 39. Re2 Rb5 40. Rd2 Nf8 41. Nd3 N6d7 42. Ra2 Ne6 43. Ra7 f6 44. h4 Rb3 45. Nfe1 Rc3 46. Rb7 Rc7 47. Rb2 Rc4 48. Nf2 Nec5 49. Re2 Nb8 50.
Ned3 Nxd3 51. Nxd3 Nd7 52. Nf2 Nc5 53. Kf3 Rc3+ 54. Kg2 Rc4 55. Kf3 Nb3 56. Ra2 Rc3+ 57. Kg2 Nd4 58. Ra7+ Kf8 59. Ra8+ Kg7 60. Ra7+ Kh6 61.
Ra6 Rc6 62. Ra2 Rc7 63. g4 hxg4 64. Nxg4+ Kh5 65. Nxf6+ Kxh4 66. Nd5 Rc2+ 67. Rxc2 Nxc2 68. Ne7 Kg5 69. Kg3 Nd4 70. Kg2 Ne6 71. Kg3 Nf4 72.
Nc6 Nh5+ 73. Kf3 Kf6 74. Kg4 Nf4 75. Kf3 Ne6 76. Kg4 Nc5 77. Kf3 Nb3 78. Kg4 Nc5 79.
Kf3 Ne6 80. Kg4 Nf8 81. Kf3 Nh7 82. Kg4 Ke6 83. Nd8+ Ke7 84. Nc6+ Kd6 85. Nd8 Ke7 86. Nc6+ Kf6 87. Nd8 Ng5 88. Nc6 Nxe4 89. Kf3 Nd6 90.
Kg4 Nf7 91. Kf3 Ke6 92. Nb4 Kf5 93. Nc6 Ng5+ 94. Ke3 Nh7 95. Ne7+ Kf6 96. Nd5+ Ke6 97. Nc7+ Kd6 98. Ne8+ Ke7 99. Nc7 Nf6 100. Nb5 g5 101. Nc3 Ke6 102. Ne2 g4 103. Ng3 Kd5 104. Nf5 Ke6 105. Ng3 Nd5+ 106. Ke4 Nc3+ 107. Ke3 Nb5 108. Ne4 Nd6 109. Nc5+ Kd5 110. Nd7 Nf5+ 111. Kf2 Ke6 112. Nc5+ Kd5 113. Nd7 Ke4 114. Nf6+ Kf4 115. Nd5+ Kg5 116. Kg2 Nd6 117. Kf2 Ne4+ 118. Ke3 Nf6 119. Ne7 Kh6 120. Nf5+ Kh5 121. Nd6 Kg5 122. Nf7+ Kf5 123. Nh6+ Ke6 124. Kf2 Kd5 125. Ke3 Kd6 126. Nf5+ Ke6 127. Ng3 1/2-1/2

[Event "*** Titled Tuesday Blitz"]
[Site "Chess.com"]
[Date "2020.05.26"]
[Round "6"]
[White "MilosJi"]
[Black "QueenOfTactics90"]
[Result "1-0"]
[WhiteElo "2528"]
[BlackElo "1963"]
[TimeControl "180+1"]
[EndTime "11:02:16 PDT"]
[Termination "MilosJi won by resignation"]

1. Nf3 d5 2. c4 Nf6 3. cxd5 Nxd5 4. e4 Nf6 5. Nc3 Nc6 6. d4 Bg4 7. d5 Ne5 8. Be2 c6 9. Nxe5 Bxe2 10. Qxe2 cxd5 11.
exd5 a6 12. O-O Nxd5 13. Nxd5 Qxd5 14. Rd1 Qa5 15. Nc4 Qc7 16. Nd6+ 1-0

[Event "*** Titled Tuesday Blitz"]
[Site "Chess.com"]
[Date "2020.05.26"]
[Round "6"]
[White "PIwan"]
[Black "bmt011"]
[Result "1-0"]
[WhiteElo "2503"]
[BlackElo "2058"]
[TimeControl "180+1"]
[EndTime "11:02:41 PDT"]
[Termination "PIwan won by resignation"]

1. c4 c5 2. Nf3 Nc6 3. e3 g6 4. d4 Bg7 5. Nc3 Nf6 6. d5 Nb8 7. e4 d6 8. h3 O-O 9. Bd3 a6 10. a4 e6 11. O-O exd5 12. exd5 Re8 13. Bf4 Nh5 14. Bh2 Qf6 15. Ne4 Rxe4 16. Bxe4 Nd7 17. Rb1 a5 18. Qd2 Nf4 19. Qxf4 1-0

[Event "*** Titled Tuesday Blitz"]
[Site "Chess.com"]
[Date "2020.05.26"]
[Round "6"]
[White "Gerodot71"]
[Black "Herracek"]
[Result "0-1"]
[WhiteElo "2386"]
[BlackElo "2560"]
[TimeControl "180+1"]
[EndTime "11:02:54 PDT"]
[Termination "Herracek won by resignation"]

1. d4 Nf6 2. c4 e5 3. dxe5 Ng4 4. e3 Nxe5 5. Nh3 d6 6. Nf4 g6 7. Nc3 Bg7 8. Be2 O-O 9. O-O a5 10. b3 Nxc4 11. Bxc4 Bxc3 12. Bd2 Bg7 13. h4 c6 14. e4 Qxh4 15. Qf3 Bg4 16. Qd3 b5 17. g3 bxc4 0-1

[Event "*** Titled Tuesday Blitz"]
[Site "Chess.com"]
[Date "2020.05.26"]
[Round "6"]
[White "Zq1"]
[Black "VALPARAISO37"]
[Result "1/2-1/2"]
[WhiteElo "2503"]
[BlackElo "2357"]
[TimeControl "180+1"]
[EndTime "11:02:59 PDT"]
[Termination "Game drawn by agreement"]

1. d4 Nf6 2. c4 e6 3. Nc3 Bb4 4. e3 O-O 5. Bd3 d5 6. cxd5 exd5 7. Ne2 Bd6 8. O-O Re8 9. a3 c5 10. dxc5 Bxc5 11. b4 Bb6 12. Bb2 Nc6 13. Nb5 a6 14. Nbd4 Ne5 15. Bf5 Nc4 16. Bc3 Bd7 17. Bxd7 Qxd7 18. Ng3 Rac8 19. Qd3 Ne5 20. Qd2 Nc4 21. Qd3 Ne5 1/2-1/2

[Event "*** Titled Tuesday Blitz"]
[Site "Chess.com"]
[Date "2020.05.26"]
[Round "6"]
[White "dpopadic"]
[Black "Unknown_IM"]
[Result "1/2-1/2"]
[WhiteElo "2386"]
[BlackElo "2526"]
[TimeControl "180+1"]
[EndTime "11:03:08 PDT"]
[Termination "Game drawn by agreement"]

1. e4 c5 2. Nc3 e6 3. d3 Nc6 4. g4 d5 5. Bg2 d4 6. Nce2 e5 7. Ng3 Be6 8. f3 Qd7 9. Nh3 f6 10. O-O h5 11. Nf2 hxg4 12. fxg4 O-O-O 13. h3 Kb8 14. Bd2 c4 15. dxc4 Bxc4 16. Nd3 Nge7 1/2-1/2

[Event "*** Titled Tuesday Blitz"]
[Site "Chess.com"]
[Date "2020.05.26"]
[Round "6"]
[White "talaicito"]
[Black "Vitor-Moraes"]
[Result "1-0"]
[WhiteElo "2147"]
[BlackElo "1975"]
[TimeControl "180+1"]
[EndTime "11:03:09 PDT"]
[Termination "talaicito won by resignation"]

1. d4 Nf6 2. Nc3 e6 3. e4 d6 4. Bf4 Nbd7 5. Nf3 Qe7 6. Qd2 e5 7. dxe5 Nxe5 8. Nxe5 dxe5 9. Bg5 h6 10. Nd5 Qd8 11. Nxf6+ Ke7 12. Qxd8+ Kxd8 13. O-O-O+ Ke7 14. Nd5+ Kd6 15. Be3 Kc6 16. a4 a6 17. Rd3 b6 18.
Rc3+ Bc5 19. b4 1-0

[Event "*** Titled Tuesday Blitz"]
[Site "Chess.com"]
[Date "2020.05.26"]
[Round "6"]
[White "chesslh19"]
[Black "S_Kalvaitis"]
[Result "1/2-1/2"]
[WhiteElo "2165"]
[BlackElo "2313"]
[TimeControl "180+1"]
[EndTime "11:03:17 PDT"]
[Termination "Game drawn by agreement"]

1. e4 e5 2. Nf3 Nc6 3. Bb5 a6 4. Ba4 Nf6 5. O-O Be7 6. Re1 b5 7. Bb3 O-O 8. c3 d5 9. exd5 Nxd5 10. Nxe5 Nxe5 11. Rxe5 c6 12. d3 Bd6 13. Re1 Bf5 14.
Qf3 Re8 15. Rxe8+ Qxe8 16. Nd2 Qe1+ 17. Nf1 Bg6 18. Bxd5 cxd5 19. Qxd5 Rd8 20. Bg5 Qxa1 21. Bxd8 Bxh2+ 22. Kxh2 Qxf1 1/2-1/2

[Event "*** Titled Tuesday Blitz"]
[Site "Chess.com"]
[Date "2020.05.26"]
[Round "6"]
[White "Beca95"]
[Black "VishnuPrasanna"]
[Result "1-0"]
[WhiteElo "2868"]
[BlackElo "2651"]
[TimeControl "180+1"]
[EndTime "11:03:20 PDT"]
[Termination "Beca95 won by resignation"]

1. e4 c5 2. Nc3 d6 3. a3 e6 4. Bc4 Nf6 5. d3 d5 6. Bb5+ Bd7 7. Bxd7+ Nbxd7 8. Qe2 d4 9. Nb1 Bd6 10. f4 e5 11. Nf3 Qc7 12. f5 c4 13. O-O cxd3 14. cxd3 O-O 15. Bg5 Rac8 16. Nbd2 Qc2 17. Rab1 Ng4 18.
Ne1 1-0

[Event "*** Titled Tuesday Blitz"]
[Site "Chess.com"]
[Date "2020.05.26"]
[Round "6"]
[White "Barmen_EV"]
[Black "CMS13"]
[Result "1-0"]
[WhiteElo "2407"]
[BlackElo "2196"]
[TimeControl "180+1"]
[EndTime "11:03:25 PDT"]
[Termination "Barmen_EV won by resignation"]

1. d4 d5 2. c4 e6 3. Nc3 Bb4 4. e3 Nf6 5. a3 Be7 6. Bd3 O-O 7. Nf3 Nc6 8. O-O dxc4 9. Bxc4 a6 10. e4 Re8 11. Bg5 h6 12. Bh4 g5 13. Bg3 Nh7 14. d5 exd5 15. exd5 Nb8 16. Ba2 Bf5 17. Nd4 Bg6 18. Qf3 Bd6 19. Nf5 Bxg3 20. fxg3 Bxf5 21. Qxf5 Qd7 22. d6 Qxf5 23. Rxf5 cxd6 24. Bxf7+ Kf8 25. Bxe8+ Kxe8 26. Raf1 Nc6 27. Nd5 Rc8 28. Rf7 1-0

[Event "*** Titled Tuesday Blitz"]
[Site "Chess.com"]
[Date "2020.05.26"]
[Round "6"]
[White "AndrewDGreen"]
[Black "yamalchess"]
[Result "1-0"]
[WhiteElo "2310"]
[BlackElo "2491"]
[TimeControl "180+1"]
[EndTime "11:03:46 PDT"]
[Termination "AndrewDGreen won by resignation"]

1. e4 e5 2. Nf3 Nc6 3. Bc4 Nf6 4. Ng5 Nxe4 5. Bxf7+ Ke7 6. d4 d6 7. Bd5 Nf6 8. Bxc6 bxc6 9. dxe5 Ng4 10. e6 Ne5 11. f4 h6 12. fxe5 Ke8 13. Qh5+ 1-0

[Event "*** Titled Tuesday Blitz"]
[Site "Chess.com"]
[Date "2020.05.26"]
[Round "6"]
[White "annamaja"]
[Black "Two_Towers_Krakow"]
[Result "1-0"]
[WhiteElo "2240"]
[BlackElo "2406"]
[TimeControl "180+1"]
[EndTime "11:03:49 PDT"]
[Termination "annamaja won by resignation"]

1. e4 c5 2. Nf3 d6 3. d4 cxd4 4. Nxd4 Nf6 5. Nc3 a6 6. g3 e5 7. Nde2 Be7 8. Bg2 b5 9. O-O Bb7 10. a4 b4 11. Nd5 Nxd5 12. exd5 Nd7 13. c3 a5 14. cxb4 axb4 15. Bd2 Nb6 16. Bxb4 O-O 17. b3 f5 18. Nc3 Bf6 19. Nb5 Nc8 20. Rc1 e4 21.
Nc7 Rb8 22. Ne6 Qd7 23. Nxf8 Kxf8 24. Qd2 Nb6 25. Qf4 Be5 26. Qxe5 1-0

[Event "*** Titled Tuesday Blitz"]
[Site "Chess.com"]
[Date "2020.05.26"]
[Round "6"]
[White "KingChess345"]
[Black "Charlottemillard17"]
[Result "1-0"]
[WhiteElo "2187"]
[BlackElo "1451"]
[TimeControl "180+1"]
[EndTime "11:03:50 PDT"]
[Termination "KingChess345 won by checkmate"]

1. d4 d5 2. Nf3 e6 3. g3 Nf6 4. Bg2 Be7 5. O-O c6 6. c4 Nbd7 7. Qc2 O-O 8. Nbd2 h6 9. e4 dxe4 10. Nxe4 Nxe4 11. Qxe4 Nf6 12. Qe2 Qb6 13. Be3 Qc7 14.
Bf4 Qd8 15. Rad1 Bd6 16. Ne5 Bxe5 17. dxe5 Qe7 18. exf6 Qxf6 19. Be5 Qe7 20. Bd6 Qf6 21. Bxf8 Kxf8 22. Rd2 b6 23. Bxc6 Rb8 24. Rfd1 Ba6 25.
b3 Rc8 26. Bg2 Kg8 27. Rd7 Ra8 28. Bxa8 Qc3 29. Be4 f5 30. Bxf5 exf5 31. Qe6+ Kh7 32. Qxf5+ Kg8 33. Rd8# 1-0

[Event "*** Titled Tuesday Blitz"]
[Site "Chess.com"]
[Date "2020.05.26"]
[Round "6"]
[White "BikingBrian"]
[Black "aakankshachess"]
[Result "1-0"]
[WhiteElo "2264"]
[BlackElo "2445"]
[TimeControl "180+1"]
[EndTime "11:03:55 PDT"]
[Termination "BikingBrian won by resignation"]

1. d4 Nf6 2. Bg5 c5 3. Nc3 Qb6 4. d5 Qxb2 5. Bd2 Qb6 6. e4 d6 7.
f4 Nbd7 8. Nf3 g6 9. e5 dxe5 10. fxe5 Ng4 11. Rb1 Qc7 12. Nb5 Qd8 13. d6 exd6 14.
exd6 Bg7 15. Nc7+ Kf8 16. Bg5 f6 17. Ne6+ 1-0

[Event "*** Titled Tuesday Blitz"]
[Site "Chess.com"]
[Date "2020.05.26"]
[Round "6"]
[White "JuliaEfremova"]
[Black "PauloFanha"]
[Result "1-0"]
[WhiteElo "2217"]
[BlackElo "1982"]
[TimeControl "180+1"]
[EndTime "11:03:55 PDT"]
[Termination "JuliaEfremova won by resignation"]

1. d4 e6 2. Bf4 d5 3. e3 Bd6 4.
Bg3 Nf6 5. Bd3 Nbd7 6. Nf3 Ne4 7. Bxd6 Nxd6 8. Nbd2 c5 9. c3 Qe7 10. h4 e5 11. dxe5 Nxe5 12. Nxe5 Qxe5 13. Nf3 Qh5 14.
Qc2 O-O 15. O-O-O Bg4 16. Rdg1 Rfd8 17. Ng5 h6 18. f3 Bd7 19. g4 hxg5 20. gxh5 1-0

[Event "*** Titled Tuesday Blitz"]
[Site "Chess.com"]
[Date "2020.05.26"]
[Round "6"]
[White "temus_galaktionov"]
[Black "JozefKneht"]
[Result "1-0"]
[WhiteElo "2698"]
[BlackElo "2470"]
[TimeControl "180+1"]
[EndTime "11:03:58 PDT"]
[Termination "temus_galaktionov won by resignation"]

1. d4 d5 2. Nf3 Nf6 3. c4 e6 4. Nc3 Be7 5. Bf4 O-O 6. e3 c5 7. dxc5 Nc6 8. cxd5 exd5 9. a3 Bxc5 10. Be2 Be6 11. O-O Rc8 12. Rc1 h6 13. Nb5 Ne4 14. Nfd4 Qb6 15. Nxe6 fxe6 16. b4 Be7 17. Nc3 Nxc3 18.
Rxc3 Bf6 19. Rc2 Ne5 20. Bxe5 Bxe5 21. Bg4 Rc6 22. g3 Rfc8 23. Bxe6+ 1-0

[Event "*** Titled Tuesday Blitz"]
[Site "Chess.com"]
[Date "2020.05.26"]
[Round "6"]
[White "IriBu"]
[Black "InitiatingASC"]
[Result "1-0"]
[WhiteElo "2552"]
[BlackElo "2389"]
[TimeControl "180+1"]
[EndTime "11:04:00 PDT"]
[Termination "IriBu won by resignation"]

1. e4 c5 2. Nf3 Nc6 3. d4 cxd4 4. Nxd4 Nf6 5. Nc3 e5 6. Ndb5 h6 7. Nd6+ Bxd6 8. Qxd6 Qe7 9. Qxe7+ Kxe7 10. Be3 d6 11. f3 Rd8 12. O-O-O Be6 13. g4 d5 14. Bc5+ Ke8 15.
exd5 Nxd5 16. Ne4 b6 17. Ba3 Ndb4 18. Bb5 Bd5 19. Bxb4 Bxe4 20. fxe4 1-0

[Event "*** Titled Tuesday Blitz"]
[Site "Chess.com"]
[Date "2020.05.26"]
[Round "6"]
[White "Kate1606"]
[Black "mjray79"]
[Result "0-1"]
[WhiteElo "1533"]
[BlackElo "2288"]
[TimeControl "180+1"]
[EndTime "11:04:02 PDT"]
[Termination "mjray79 won by resignation"]

1. e4 e5 2. Nf3 Nc6 3. d4 exd4 4. Bc4 Bc5 5. c3 Nf6 6. cxd4 Bb4+ 7. Bd2 Nxe4 8. Bxf7+ Kxf7 9. Bxb4 Nxb4 10. Qb3+ Kf8 11. Qxb4+ Qe7 12. Qxe7+ Kxe7 13. O-O Kd8 14. Nc3 Nxc3 15.
bxc3 h6 16. Ne5 Rf8 17. Rfe1 d6 18. Ng6 Rf6 19. Ne7 Be6 20. Re2 d5 21. Rae1 Kxe7 22.
f4 Kd6 23. c4 dxc4 24. f5 Bxf5 25. Rc1 Bd3 0-1

[Event "*** Titled Tuesday Blitz"]
[Site "Chess.com"]
[Date "2020.05.26"]
[Round "6"]
[White "ChelsieMonica"]
[Black "Tlerus"]
[Result "1-0"]
[WhiteElo "2396"]
[BlackElo "2560"]
[TimeControl "180+1"]
[EndTime "11:04:07 PDT"]
[Termination "ChelsieMonica won by checkmate"]

1. c4 Nf6 2. Nf3 g6 3. Nc3 Bg7 4. e3 d6 5. Be2 O-O 6. O-O e5 7. d4 e4 8. Ne1 c6 9. f4 exf3 10. Bxf3 Re8 11. Nd3 Bf5 12. Nf2 d5 13. cxd5 cxd5 14.
Nxd5 Nxd5 15. e4 Be6 16. exd5 Bxd5 17. Ng4 Nc6 18. Nh6+ Bxh6 19. Bxh6 Bxf3 20. Qxf3 Qxd4+ 21. Kh1 Re7 22. Rae1 Rae8 23. Qxf7+ Rxf7 24. Rxe8+ Rf8 25. Rexf8# 1-0

[Event "*** Titled Tuesday Blitz"]
[Site "Chess.com"]
[Date "2020.05.26"]
[Round "6"]
[White "harkerchess"]
[Black "silverback96"]
[Result "0-1"]
[WhiteElo "2051"]
[BlackElo "2309"]
[TimeControl "180+1"]
[EndTime "11:04:08 PDT"]
[Termination "silverback96 won by resignation"]

1. d4 Nf6 2. Bg5 e6 3. e4 d5 4. e5 h6 5. Bh4 g5 6. Bg3 Ne4 7. Nd2 Nxg3 8. hxg3 c5 9. c3 Nc6 10. Ngf3 cxd4 11. cxd4 Qb6 12. Rb1 Nxd4 13. Nxd4 Qxd4 14. Bb5+ Bd7 15. Bxd7+ Kxd7 16. Qb3 Qxe5+ 17. Kf1 Qc7 18. Ke2 Qb6 19. Qa4+ Qc6 20. Qb3 Rc8 21. Rbc1 Qa6+ 22. Kf3 Bd6 23. Kg4 h5+ 24. Kh3 g4+ 25. Kh2 h4 26.
Kg1 Rxc1+ 0-1

[Event "*** Titled Tuesday Blitz"]
[Site "Chess.com"]
[Date "2020.05.26"]
[Round "6"]
[White "joejan"]
[Black "Franciscoconstantino"]
[Result "1-0"]
[WhiteElo "2190"]
[BlackElo "1606"]
[TimeControl "180+1"]
[EndTime "11:04:08 PDT"]
[Termination "joejan won by checkmate"]

1. e4 c5 2. Nc3 d6 3. f4 Nc6 4.
Nf3 g6 5. Bc4 Bg7 6. O-O e6 7. d3 Nge7 8. Qe1 O-O 9. f5 Nd4 10. Qh4 Nec6 11. Bg5 Qb6 12. f6 Bh8 13. Bd2 Nxc2 14. Ng5 h5 15. g4 Qd8 16. gxh5 Bxf6 17.
hxg6 Bxg5 18. Qh7# 1-0

[Event "*** Titled Tuesday Blitz"]
[Site "Chess.com"]
[Date "2020.05.26"]
[Round "6"]
[White "Justinz"]
[Black "DortmundCity"]
[Result "0-1"]
[WhiteElo "2356"]
[BlackElo "2583"]
[TimeControl "180+1"]
[EndTime "11:04:14 PDT"]
[Termination "DortmundCity won by resignation"]

1. e4 c5 2. Nf3 d6 3. d4 cxd4 4.
Nxd4 Nf6 5. Nc3 Nc6 6. Bg5 e6 7.
Qd2 a6 8. O-O-O Be7 9. f4 Bd7 10.
Be2 b5 11. a3 h6 12. Bxf6 Bxf6 13. Nf3 Be7 14. g4 b4 15. axb4 Nxb4 16. Qd4 Qa5 17.
Qxg7 Rf8 18. Kd2 d5 19. Ra1 Qb6 20. exd5 Rd8 21. Ke1 Nxc2+ 22. Kd2 Nxa1 23. Rxa1 Qxb2+ 0-1

[Event "*** Titled Tuesday Blitz"]
[Site "Chess.com"]
[Date "2020.05.26"]
[Round "6"]
[White "Vesper2018"]
[Black "LiverpooL174"]
[Result "0-1"]
[WhiteElo "2319"]
[BlackElo "2673"]
[TimeControl "180+1"]
[EndTime "11:04:21 PDT"]
[Termination "LiverpooL174 won by resignation"]

1. e4 c6 2. d4 d5 3. e5 Bf5 4. Nf3 e6 5. Be2 Ne7 6. O-O Nd7 7. Nbd2 Bg6 8. Nh4 Nf5 9. Nxg6 hxg6 10. Nf3 Be7 11.
c3 c5 12. g3 g5 13. dxc5 g4 14. Nd4 Nxe5 15. Bxg4 Nh6 16. Bxe6 fxe6 17. Re1 Nhf7 18. Nxe6 Qd7 19. Qxd5 Qxd5 20. Nc7+ Kd7 21. Nxd5 Nf3+ 22. Kf1 Nxe1 23. Kxe1 Bxc5 24. h4 Rhe8+ 25. Kf1 Ne5 26. Bf4 Nd3 27. Rd1 Nxf4 28. Nf6+ Kc6 29. Nxe8 Rxe8 30. gxf4 Rf8 31. b4 Bb6 32. Rd3 Rxf4 33.
f3 Rxh4 34. a4 a5 0-1

[Event "*** Titled Tuesday Blitz"]
[Site "Chess.com"]
[Date "2020.05.26"]
[Round "6"]
[White "Grandmaster2B"]
[Black "Richarzard69"]
[Result "0-1"]
[WhiteElo "2420"]
[BlackElo "2252"]
[TimeControl "180+1"]
[EndTime "11:04:25 PDT"]
[Termination "Richarzard69 won by resignation"]

1. e4 e6 2. d4 d5 3. Nd2 c5 4.
exd5 Qxd5 5. Ngf3 cxd4 6. Bc4 Qd6 7. O-O Nf6 8. Nb3 Nc6 9. Nbxd4 Nxd4 10. Nxd4 a6 11. Re1 Qc7 12. Bg5 Qxc4 13. Nf5 Qg4 14. Qd2 Qxf5 15. Rad1 Be7 16. Re3 Qxg5 0-1

[Event "*** Titled Tuesday Blitz"]
[Site "Chess.com"]
[Date "2020.05.26"]
[Round "6"]
[White "barbara25"]
[Black "XxPetroffsxX"]
[Result "1-0"]
[WhiteElo "2202"]
[BlackElo "1922"]
[TimeControl "180+1"]
[EndTime "11:04:25 PDT"]
[Termination "barbara25 won by checkmate"]

1. e4 c5 2. Nf3 Nc6 3. Bb5 g6 4. O-O Bg7 5. c3 a6 6. Ba4 b5 7. Bc2 d5 8. e5 Nxe5 9. Nxe5 Bxe5 10. a4 Bb7 11. axb5 axb5 12. Rxa8 Qxa8 13. Re1 Bg7 14. d4 e6 15. Bg5 h6 16. Bh4 cxd4 17. cxd4 Qa7 18. Qe2 Qb6 19. Nc3 Bc6 20. Bd3 b4 21. Nb5 Nf6 22. Nd6+ Ke7 23. Bg3 Ra8 24. Nxf7 Kxf7 25. Qxe6+ Kf8 26. Bd6# 1-0

[Event "*** Titled Tuesday Blitz"]
[Site "Chess.com"]
[Date "2020.05.26"]
[Round "6"]
[White "Quattroporte300"]
[Black "kingmonkey2006"]
[Result "0-1"]
[WhiteElo "2312"]
[BlackElo "2564"]
[TimeControl "180+1"]
[EndTime "11:04:31 PDT"]
[Termination "kingmonkey2006 won by resignation"]

1. e4 d6 2. d4 Nd7 3. Nc3 c5 4. Nf3 g6 5. dxc5 Nxc5 6. Qd4 Nf6 7. e5 Ne6 8. Qa4+ Bd7 9. Bb5 Nc5 10. Bxd7+ Nfxd7 11. Qd4 Bg7 12. Bf4 Ne6 13. Qe3 Nxf4 14. Qxf4 Nxe5 15. O-O-O O-O 16. h4 Rc8 17. h5 Nxf3 18. hxg6 fxg6 0-1

[Event "*** Titled Tuesday Blitz"]
[Site "Chess.com"]
[Date "2020.05.26"]
[Round "6"]
[White "chessfrendz"]
[Black "Meri-Arabidze"]
[Result "0-1"]
[WhiteElo "2403"]
[BlackElo "2583"]
[TimeControl "180+1"]
[EndTime "11:04:40 PDT"]
[Termination "Meri-Arabidze won by resignation"]

1. d4 d5 2. Nf3 Nf6 3. Bf4 e6 4. e3 Bd6 5. Bg3 c5 6. c3 Nc6 7. Nbd2 O-O 8. Bb5 a6 9. Bxc6 bxc6 10. Qa4 cxd4 11. cxd4 a5 12. Bxd6 Qxd6 13. Rc1 Ba6 14. Rc5 Bb5 15. Qc2 a4 16. a3 Nd7 17.
Rc3 Rfe8 18. Ng5 g6 19. f4 f6 20. Ngf3 e5 21. fxe5 fxe5 22. Kd1 e4 23. Ne1 Rf8 24. h4 Nf6 25. Nf1 Ng4 26. Nd2 Nf2+ 27. Kc1 Nxh1 0-1

[Event "*** Titled Tuesday Blitz"]
[Site "Chess.com"]
[Date "2020.05.26"]
[Round "6"]
[White "HarutyunianTigranK"]
[Black "RobertPrieb2007"]
[Result "1-0"]
[WhiteElo "2701"]
[BlackElo "2456"]
[TimeControl "180+1"]
[EndTime "11:04:47 PDT"]
[Termination "HarutyunianTigranK won by resignation"]

1. c4 Nf6 2. Nc3 g6 3. e4 d6 4. g3 Bg7 5. Bg2 O-O 6. Nge2 c5 7. O-O Nc6 8. d3 Bd7 9. h3 Rc8 10. Kh2 Nd4 11. Nxd4 cxd4 12. Ne2 e5 13. f4 Qa5 14. Bd2 Qc5 15. f5 gxf5 16. exf5 b5 17. b3 bxc4 18. bxc4 d5 19. g4 dxc4 20. g5 cxd3 21.
Ng3 Nd5 22. f6 Bh8 23. Be4 Nf4 24. Bxf4 exf4 25. Qh5 fxg3+ 26. Kg1 Bf5 27. Bxf5 Qxf5 28. Rxf5 Rfe8 29. Rd1 Rc2 30. Rff1 Ree2 31. Qf3 Re8 32. Qxd3 Rxa2 33. Qxg3 1-0

[Event "*** Titled Tuesday Blitz"]
[Site "Chess.com"]
[Date "2020.05.26"]
[Round "6"]
[White "smshk35"]
[Black "wild_cat99"]
[Result "0-1"]
[WhiteElo "2315"]
[BlackElo "2562"]
[TimeControl "180+1"]
[EndTime "11:05:03 PDT"]
[Termination "wild_cat99 won by resignation"]

1. e4 c5 2. Nf3 d6 3. c3 Nf6 4. g3 Nc6 5. d3 g6 6. Bg2 Bg7 7. O-O O-O 8. Re1 Qc7 9. d4 cxd4 10. cxd4 b6 11. d5 Na5 12. Nc3 Ba6 13. Nd4 Nd7 14. Bf4 Nc4 15. b3 Qc5 16. Nc6 Bxc3 17. Nxe7+ Kh8 18.
bxc4 Bxe1 19. Qxe1 Bxc4 20. Rc1 Ne5 21. Bxe5+ dxe5 22. Qc3 Qxe7 23. Qxc4 Rac8 24. Qxc8 Rxc8 25. Rxc8+ Kg7 26.
Bh3 a5 27. Rc6 Qb4 28. f3 Qd4+ 0-1

[Event "*** Titled Tuesday Blitz"]
[Site "Chess.com"]
[Date "2020.05.26"]
[Round "6"]
[White "Jumbo"]
[Black "Igor_Lysyj"]
[Result "1-0"]
[WhiteElo "2873"]
[BlackElo "2773"]
[TimeControl "180+1"]
[EndTime "11:05:08 PDT"]
[Termination "Jumbo won by resignation"]

1. d4 Nf6 2. Bf4 c5 3. dxc5 Na6 4. Nc3 Nxc5 5. f3 d6 6. e4 g6 7. e5 Nh5 8. Be3 Bg7 9. g4 O-O 10. gxh5 Bxe5 11. Qd2 Bf5 12. Nge2 e6 13. hxg6 fxg6 14. O-O-O Qa5 15. Bd4 Rfd8 16. Kb1 b5 17. Ng3 b4 18. Nce4 Nxe4 19. fxe4 Bg4 20. Be2 Bxe2 21. Nxe2 1-0

[Event "*** Titled Tuesday Blitz"]
[Site "Chess.com"]
[Date "2020.05.26"]
[Round "6"]
[White "Susal_De_Silva"]
[Black "IMinTheWings"]
[Result "0-1"]
[WhiteElo "2363"]
[BlackElo "2132"]
[TimeControl "180+1"]
[EndTime "11:05:09 PDT"]
[Termination "IMinTheWings won by resignation"]

1. e4 e6 2. d4 d5 3. Nc3 Nf6 4. e5 Nfd7 5. f4 c5 6. Nf3 Nc6 7. Be3 a6 8. Qd2 b5 9. dxc5 Bxc5 10. Bxc5 Nxc5 11. Bd3 Qb6 12. O-O-O b4 13. Ne2 a5 14.
f5 exf5 15. Ng3 g6 16. Kb1 Be6 17. Ng5 O-O-O 18. Rhe1 h6 19. Nf3 Ne4 20. Qe2 Kc7 21. Ka1 a4 22. Rc1 Ra8 23. Bb5 a3 24. Nxe4 axb2+ 25.
Kxb2 dxe4 26. Nd2 Qd4+ 27. c3 Rxa2+ 28. Kb1 bxc3 29. Bxc6 Qb4+ 0-1

[Event "*** Titled Tuesday Blitz"]
[Site "Chess.com"]
[Date "2020.05.26"]
[Round "6"]
[White "GMJustin"]
[Black "ElliPaehtz"]
[Result "0-1"]
[WhiteElo "2318"]
[BlackElo "2492"]
[TimeControl "180+1"]
[EndTime "11:05:12 PDT"]
[Termination "ElliPaehtz won on time"]

1. d4 e6 2. e4 d5 3. Nd2 Be7 4. c3 c5 5. Ngf3 cxd4 6. cxd4 dxe4 7. Nxe4 Nc6 8. Bd3 Nf6 9. Nc3 O-O 10. O-O Nb4 11. Bb1 Bd7 12. a3 Nbd5 13. Qd3 Bc6 14. Ne5 Rc8 15. Bg5 g6 16. Nxc6 Rxc6 17. Bh6 Re8 18. Bc2 Nxc3 19. bxc3 Qc7 20. Bd2 a6 21. a4 Nd5 0-1

[Event "*** Titled Tuesday Blitz"]
[Site "Chess.com"]
[Date "2020.05.26"]
[Round "6"]
[White "oneshot007"]
[Black "BabyFacedAssasin"]
[Result "1-0"]
[WhiteElo "2443"]
[BlackElo "2242"]
[TimeControl "180+1"]
[EndTime "11:05:21 PDT"]
[Termination "oneshot007 won by resignation"]

1. e4 e6 2. d4 d5 3. Nc3 Nf6 4. e5 Nfd7 5. Nce2 c5 6. c3 Nc6 7. Nf3 Be7 8. a3 f6 9. Nf4 Nb6 10. exf6 Bxf6 11. Bd3 O-O 12. h4 e5 13. dxe5 Nxe5 14. Nxe5 Bxe5 15. Qh5 g6 16. Nxg6 hxg6 17.
Qxg6+ Bg7 18. Qh7+ Kf7 19. Bg6+ Ke6 20. Qxg7 Qf6 21.
Qxf6+ Rxf6 22. h5 Bd7 23. Bg5 1-0

[Event "*** Titled Tuesday Blitz"]
[Site "Chess.com"]
[Date "2020.05.26"]
[Round "6"]
[White "witcher8"]
[Black "Roman_Ovetchkin"]
[Result "0-1"]
[WhiteElo "2401"]
[BlackElo "2613"]
[TimeControl "180+1"]
[EndTime "11:05:27 PDT"]
[Termination "Roman_Ovetchkin won on time"]

1. e4 c6 2. d4 d5 3. e5 Bf5 4. h4 Qb6 5. g4 Bd7 6. h5 e6 7.
f4 c5 8. c3 Nc6 9. Nf3 Nh6 10.
Rg1 Rc8 11. a3 cxd4 12. cxd4 Nxd4 13. Nxd4 Rxc1 14. Qxc1 Qxd4 15. Rg3 Bc5 16. Qd2 Qe4+ 17. Kd1 Nxg4 18. Rxg4 Ba4+ 0-1